 Dungeon Crawl Stone Soup version 0.18-a0-1655-ge2d8d33 (webtiles) character file.

58 inmateoo the Sneak (level 3, -3/15 HPs)
             Began as a Felid Venom Mage on Mar 30, 2016.
             Slain by an adder (5 damage)
             ... on level 2 of the Dungeon.
             The game lasted 00:02:38 (1998 turns).

inmateoo the Sneak (Felid Venom Mage)               Turns: 1998, Time: 00:02:39

Health: -3/15      AC:  1    Str:  5    XL:     3   Next: 75%
Magic:  1/7        EV: 18    Int: 16    God:
Gold:   48         SH:  0    Dex: 16    Spells: 3 memorised, 0 levels left
                                        Lives:  0   Deaths: 0

rFire  . . .     SeeInvis +       - Unarmed
rCold  . . .     Gourm    .     (armour unavailable)
rNeg   . . .     Faith    .     (shield unavailable)
rPois  .         Spirit   .     (helmet unavailable)
rElec  .         Dismiss  .     (cloak unavailable)
rCorr  +         Reflect  .     (gloves unavailable)
SustAt .         Harm     .     (boots unavailable)
MR     .....                    (no amulet)
Stlth  +++.......               (no ring)
                                d - ring of resist corrosion

@: very slightly contaminated, quick, not resistant to hostile enchantments,
fairly stealthy
A: no armour, no weapons or thrown items, claws 1, fangs 3, see invisible,
carnivore 3, speed 1, shaggy fur 1, slow metabolism 1, sharp paws
a: no special abilities


You were on level 2 of the Dungeon.
You were very full.

You visited 1 branch of the dungeon, and saw 2 of its levels.

You collected 48 gold pieces.

Inventory:

Jewellery
 d - a ring of resist corrosion (left paw)
Scrolls
 e - a scroll of remove curse {unknown}
 g - a scroll of enchant armour {unknown}
 h - 2 scrolls of identify {unknown}
 j - a scroll of blinking {unknown}
 k - a scroll of teleportation {unknown}
 m - a scroll of recharging {unknown}
Potions
 f - 2 potions of curing {unknown}
 i - a potion of flight {unknown}
Books
 a - a Young Poisoner's Handbook

   Spells                             Type                      Level
   a - Sting                          Conjuration/Poison           1
   b - Cure Poison                    Poison                       2
   c - Mephitic Cloud                 Conjuration/Poison/Air       3
   d - Olgreb's Toxic Radiance        Poison                       4
   e - Venom Bolt                     Conjuration/Poison           5
Comestibles
 b - a meat ration
 c - a royal jelly
 l - a beef jerky
 o - a chunk of flesh


   Skills:
 + Level 0.6 Fighting
 - Level 2.6 Dodging
 + Level 3.8 Stealth
 * Level 2.6 Unarmed Combat
 - Level 2.0 Spellcasting
 - Level 3.6 Poison Magic


You couldn't memorise any spells.
You knew the following spells:

 Your Spells              Type           Power        Failure   Level  Hunger
a - Sting                 Conj/Pois      #...         12%         1    #......
b - Cure Poison           Pois           ##........   10%         2    ###....
c - Mephitic Cloud        Conj/Pois/Air  #.......     38%         3    ###....


Dungeon Overview and Level Annotations

Branches:
Dungeon (2/15)

Altars:
Dithmenos
Fedhas
Trog
Yredelemnul


Innate Abilities, Weirdness & Mutations

You cannot wear armour.
You are incapable of wielding weapons or throwing items.
You have sharp claws.
You have razor-sharp teeth.
You have supernaturally acute eyesight.
You are carnivorous and can eat meat at any time.
You cover ground quickly.
You are covered in fur (AC +1).
You have a slow metabolism.
Your sharp claws are effective at attacking unaware monsters.


Message History

You closely miss the adder.
The adder is moderately wounded.
The adder closely misses you.
You barely miss the adder.
The adder is moderately wounded.
The adder bites you.
* * * LOW HITPOINT WARNING * * *
You scratch the adder.
The adder is heavily wounded.
The adder barely misses you.
You scratch the adder but do no damage.
The adder is heavily wounded.
The adder misses you.
You barely miss the adder.
The adder is heavily wounded.
The adder misses you. x2
You scratch the adder but do no damage.
The adder is heavily wounded.
The adder bites you.
You die...

#.###.###.(....#
#.# #.......####
#.# #######.#
##.##### ###.###
#......# #.....#
##.###.# #.†...#
#######.#
#.....#
#...†...#
#.....#
#@####>.#
#.....# #S# #..#
####### #.# ...#
#.# .#... #.#
.#..## #... ...#
### ##.#


You could see an adder.

Vanquished Creatures
  An adder (D:2)
  2 oozes (D:1)
  A worm (D:2)
  A dart slug (D:2)
  A giant gecko (D:1)
  A giant cockroach (D:2)
  3 goblins
  A hobgoblin (D:1)
  2 quokkas (D:2)
  6 bats
  9 giant newts
  5 kobolds
  4 rats
37 creatures vanquished.

Notes
Turn   | Place    | Note
--------------------------------------------------------------
     0 | D:1      | inmateoo the Felid Venom Mage began the quest for the Orb.
     0 | D:1      | Reached XP level 1. HP: 7/7 MP: 4/4
    82 | D:1      | Reached skill level 1 in Unarmed Combat
   148 | D:1      | Reached XP level 2. HP: 5/11 MP: 6/6
  1260 | D:2      | Reached XP level 3. HP: 8/14 MP: 7/7
  1391 | D:2      | Learned a level 2 spell: Cure Poison
  1395 | D:2      | Learned a level 3 spell: Mephitic Cloud
  1792 | D:2      | Found a bloodstained altar of Trog.
  1795 | D:2      | Found a shadowy altar of Dithmenos.
  1796 | D:2      | Found a blossoming altar of Fedhas.
  1802 | D:2      | Found a basalt altar of Yredelemnul.
  1998 | D:2      | Slain by an adder

Vault maps used:
D:1:      shiori_shiawase
D:2:      minitemple, first_bread

Skill      XL: |  1  2 |
---------------+-------+-----
Stealth        | 3 |  3.8
Unarmed Combat | 1 2 |  2.6
Fighting       | |  0.6
Dodging        | |  2.6
Spellcasting   | |  2.0
Poison Magic   | |  3.6

Action                   || total
-------------------------++-------
Melee: Unarmed           ||   135
 Cast: Sting             ||     6
       Cure Poison       ||     2
  Use: Potion            ||     2
 Stab: Sleeping          ||    16
  Eat: Chunk             ||     9
